 Dungeon Crawl Stone Soup version 0.31-a0-175-g9f7f995f2b (webtiles) character file.

Game seed: 7637813417873608074

6 Moral the Gusty (level 1, -1/18 HPs)
             Began as an Ogre Air Elementalist on June 17, 2023.
             Slain by a gnoll
             ... wielding a +0 club
              (8 damage)
             ... on level 1 of the Dungeon.
             The game lasted 00:00:36 (588 turns).

Moral the Gusty (Ogre Air Elementalist)              Turns: 588, Time: 00:00:36

Health: -1/18      AC:  3    Str: 11    XL:     1   Next: 90%
Magic:  0/4        EV:  9    Int: 16    God:
Gold:   22         SH:  0    Dex:  9    Spells: 4/5 levels left

rFire   . . .        (no weapon)
rCold   . . .        (no shield)
rNeg    . . .        a - +0 robe
rPois   .            (helmet restricted)
rElec   .            (no cloak)
rCorr   .            (gloves unavailable)
SInv    .            (boots unavailable)
Will    .....        (no amulet)
Stlth   +            (no ring)
HPRegen 0.23/turn    (no ring)
MPRegen 0.09/turn

%: no passive effects
@: no status effects
A: large, unfitting armour, tough skin 1
a: no special abilities


You were on level 1 of the Dungeon.
You visited 1 branch of the dungeon, and saw 1 of its levels.

You collected 22 gold pieces.

Inventory:

Armour
 a - a +0 robe (worn)
Jewellery
 c - a ring of fire
Scrolls
 d - a scroll of identify {unknown}
 f - a scroll of amnesia {unknown}
 g - a scroll of vulnerability {unknown}
Potions
 b - a potion of magic
 e - a potion of invisibility {unknown}


   Skills:
 + Level 0.6 Fighting
 - Level 1.7 Dodging
 - Level 1.4 Stealth
 * Level 2.6 Spellcasting
 + Level 1.0 Conjurations
 * Level 2.8 Air Magic


You had 4 spell levels left.
You knew the following spells:

 Your Spells              Type           Power      Damage    Failure   Level
a - Shock                 Conj/Air       32%        1d5       9%          1

Your spell library contained the following spells:

 Spells                   Type           Power      Damage    Failure   Level
 Static Discharge         Conj/Air       16%        2-3/arc   13%         2
 Swiftness                Air            11%        N/A       19%         3
 Airstrike                Air            5%         2d(1-17)  52%         4


Dungeon Overview and Level Annotations

Branches:
Dungeon (1/15)

Altars:


Innate Abilities, Weirdness & Mutations

You are too large for most types of armour.
You have tough skin. (AC +1)


Message History

Casting: Shock (safe; 9% risk of failure)
Confirm with . or Enter, or press ? or * to list all spells.
Aiming: Shock (safe; 9% risk of failure)
Press: ? - help, Shift-Dir - straight line, f/p - gnoll
Aim: a gnoll, wielding a +0 club (heavily wounded, 72% to hit)
The zap hits the gnoll.
The gnoll is severely wounded.
The gnoll hits you with a +0 club!
Casting: Shock (safe; 9% risk of failure)
Confirm with . or Enter, or press ? or * to list all spells.
Aiming: Shock (safe; 9% risk of failure)
Press: ? - help, Shift-Dir - straight line, f/p - gnoll
Aim: a gnoll, wielding a +0 club (severely wounded, 72% to hit)
The zap hits the gnoll.
The gnoll is almost dead.
The gnoll misses you.
Casting: Shock (safe; 9% risk of failure)
Confirm with . or Enter, or press ? or * to list all spells.
You don't have enough magic to cast this spell.
Unknown command.
Casting: Shock (safe; 9% risk of failure)
Confirm with . or Enter, or press ? or * to list all spells.
You don't have enough magic to cast this spell.
Unknown command.
You closely miss the gnoll.
The gnoll is almost dead.
The gnoll barely misses you.
You barely miss the gnoll.
The gnoll is almost dead.
The gnoll barely misses you.
You barely miss the gnoll.
The gnoll is almost dead.
The gnoll misses you.
You closely miss the gnoll.
The gnoll is almost dead.
The gnoll hits you with a +0 club.
You closely miss the gnoll.
The gnoll is almost dead.
The gnoll hits you with a +0 club!
You die...

### .. #. #########
#g#########........
#.@.......'........
###########........
.........#'##'#
########.#.##.#
#.#.##.# #.#.##.#
#.#.##.. #.#.####
#.#.....


You could see a gnoll.

Vanquished Creatures
  3 giant cockroaches (D:1)
  A hobgoblin (D:1)
  A frilled lizard (D:1)
5 creatures vanquished.

Notes
Turn   | Place    | Note
-------+----------+-------------------------------------------
     0 | D:1      | Moral the Ogre Air Elementalist began the quest for the
                  | Orb.
     0 | D:1      | Reached XP level 1. HP: 16/16 MP: 3/3
   132 | D:1      | Reached skill level 1 in Conjurations
   588 | D:1      | Slain by a gnoll

Illustrated notes

Levels and vault maps discovered:
D:1:      minmay_arrival_cross, layout_basic, serial_curves, eino_curves_01,
          eino_curves_04, minivault_27

Skill      XL: |  1 |
---------------+----+-----
Conjurations   | 1 |  1.0
Fighting       | |  0.6
Dodging        | |  1.7
Stealth        | |  1.4
Spellcasting   | |  2.6
Air Magic      | |  2.8

Action                     || total
---------------------------++-------
  Melee: Unarmed           ||     5
   Cast: Shock             ||    14
  Dodge: Dodged            ||     5

Table legend: (Time is in decaauts)
 A = Elapsed time spent in this place.
 B = Non-inter-level travel time spent in this place.
 C = Inter-level travel time spent in this place.
 D = Time resting spent in this place.
 E = Time spent auto-exploring this place.
 F = Levels seen in this place.
 G = Mean time per level.
                   A        B        C        D        E       F      G
               +--------+--------+--------+--------+--------+-----+--------+
         Total |    588 |    588 |      0 |      0 |    554 |   1 |  588.0 |
       Dungeon |    588 |    588 |      0 |      0 |    554 |   1 |  588.0 |
               +--------+--------+--------+--------+--------+-----+--------+

Top non-repeatable levels by time:
     D:1: 588 daAuts
